 Dungeon Crawl Stone Soup version 0.30-a0-1082-g70414cbcbb (webtiles) character file.

Game seed: 4608083732072516640

1380 tilp the Geomancer (level 9, -1/73 HPs)
             Began as a Meteoran Earth Elementalist on Apr 15, 2023.
             Was a Follower of Nemelex Xobeh.
             Slain by a death yak (29 damage)
             ... on level 8 of the Dungeon.
             The game lasted 00:08:27 (1484 turns).

tilp the Geomancer (Meteoran Earth Elementalist)    Turns: 1484, Time: 00:08:28

Health: -1/73      AC:  2    Str:  6    XL:     9   Next: 18%
Magic:  1/15       EV: 15    Int: 25    God:    Nemelex Xobeh [*.....]
Gold:   219        SH:  5    Dex: 15    Spells: 11/15 levels left

rFire   . . .      SeeInvis .    a - +7 spear "Koohaf" {freeze, rCorr Str-4 Int+4 Stlth+}
rCold   . . .      Faith    .    (no shield)
rNeg    . . .      Spirit   .    d - +0 robe
rPois   .          Reflect  +    (no helmet)
rElec   .          Rampage  .    (no cloak)
rCorr   +                        (no gloves)
Will    +....                    (no boots)
Stlth   +                        l - amulet of reflection
HPRegen 0.32/turn                (no ring)
MPRegen 0.14/turn                (no ring)

@: glowing
A: sense surroundings 2, otherworldly, glowing, explore regen
a: Renounce Religion, Draw Escape, Draw Destruction, Draw Summoning


You were on level 8 of the Dungeon.
You worshipped Nemelex Xobeh.
Nemelex Xobeh was aware of your devotion.
You visited 1 branch of the dungeon, and saw 9 of its levels.

You collected 239 gold pieces.
You spent 20 gold pieces at shops.

Inventory:

Hand Weapons
 a - the +7 spear "Koohaf" (weapon) {freeze, rCorr Str-4 Int+4 Stlth+}
   (You found it on level 3 of the Dungeon)

   Str:       It affects your strength (-4).
   Int:       It affects your intelligence (+4).
   rCorr:     It protects you from acid and corrosion.
   Stlth:     It makes you more stealthy.
 i - a +1 dagger of speed
 k - a +1 short sword of draining
 t - a +0 mace
Missiles
 c - 2 curare-tipped darts
 p - 6 stones
Armour
 d - a +0 robe (worn)
 f - a +2 ring mail of poison resistance
Jewellery
 l - an amulet of reflection (around neck)
Wands
 o - a wand of digging (3)
Scrolls
 e - 2 scrolls of enchant weapon {unknown}
 g - 4 scrolls of teleportation
 h - 2 scrolls of identify
 j - a scroll of fog {unknown}
 m - a scroll of blinking {unknown}
 n - a scroll of fear {unknown}
 s - a scroll of enchant armour {unknown}
Potions
 b - a potion of magic
 q - a potion of lignification
 r - a potion of ambrosia {unknown}


   Skills:
 * Level 4.9 Fighting
 + Level 1.7 Polearms
 + Level 6.3 Dodging
 - Level 2.0 Stealth
 + Level 3.6 Spellcasting
 - Level 2.0 Conjurations
 - Level 1.2 Transmutations
 * Level 8.6 Earth Magic
 + Level 2.0 Invocations
 - Level 0.3 Evocations


You had 11 spell levels left.
You knew the following spells:

 Your Spells              Type           Power      Damage    Failure   Level
a - Sandblast             Erth           94%        2d19      1%          1
b - Stone Arrow           Conj/Erth      62%        3d10      3%          3

Your spell library contained the following spells:

 Spells                   Type           Power      Damage    Failure   Level
 Passwall                 Tmut/Erth      24%        N/A       1%          2
 Petrify                  Tmut/Erth      29%        N/A       13%         4


Dungeon Overview and Level Annotations

Branches:
Dungeon (9/15) Zot: 3885   Temple (0/1) D:7
   Lair: D:8-11         Orc: D:9-12

Altars:
Nemelex Xobeh

Shops:
D:1 *


Innate Abilities, Weirdness & Mutations

You passively map the area around you.
You are easily found by Zot.
You glow in the dark.
You regain HP and MP as you explore.


Message History

The death yak is moderately wounded.
A wight comes into view. It is wielding a +0 great sword.
Unknown command.
Casting: Stone Arrow (dangerous; 3% risk of failure)
Confirm with . or Enter, or press ? or * to list all spells.
Aiming: Stone Arrow (dangerous; 3% risk of failure)
Press: ? - help, Shift-Dir - straight line, f/p - death yak
Aim: a death yak (moderately wounded, 91% to hit)
The stone arrow hits the death yak!
The death yak is moderately wounded.
The death yak gores you!!
A wight comes into view. It is wielding a +0 great sword.
The ufetubus hits you. x2
Unknown command.
Casting: Stone Arrow (dangerous; 3% risk of failure)
Confirm with . or Enter, or press ? or * to list all spells.
Aiming: Stone Arrow (dangerous; 3% risk of failure)
Press: ? - help, Shift-Dir - straight line, f/p - death yak
Aim: a death yak (moderately wounded, 91% to hit)
The stone arrow hits the ufetubus!!
You kill the ufetubus!
The sentinel's mark upon you fades away.
Unknown command.
You hit the death yak but do no damage.
The death yak is moderately wounded.
The death yak gores you!
* * * LOW HITPOINT WARNING * * *
You hit the death yak but do no damage.
The death yak is moderately wounded.
The death yak misses you.
A wight comes into view. It is wielding a +0 morningstar.
You hit the death yak. You freeze the death yak.
The death yak is heavily wounded.
The death yak gores you but does no damage.
Your magical contamination has completely faded away.
You puncture the death yak! You freeze the death yak.
The death yak is severely wounded.
The death yak gores you!!
You die...
Your body disappears without additional glow.

######### #.......#
#########.......#
#.......#.......#
#.<.....#.......#
#..####.#.......#
#..#............#
#..#@##.#....<..#####
#..#Y##.#######......
#..(zz...#### #######
##..#.z.....#
#.###.#.##.######
#.## ##..##......# ##
#..####.#####
#.###≈~~.~≈≈#
,.....#~....~~#


You could see a death yak and 3 wights.

Vanquished Creatures
  A wyvern (D:8)
  Eustachio (D:4)
  An acid dragon (D:8)
  A water moccasin (D:7)
  An orc warrior (D:7)
  2 black bears
  3 bullfrogs
  5 killer bees (D:7)
  2 howler monkeys (D:7)
  A jelly (D:4)
  An orc wizard (D:7)
  2 adders (D:3)
  2 white imps
  An ufetubus (D:8)
  A dart slug (D:2)
  8 orcs
  3 ball pythons
  2 endoplasms
  3 giant cockroaches (D:3)
  3 hobgoblins
  2 kobolds
  A quokka (D:4)
  2 bats (D:3)
  A frilled lizard (D:3)
  3 goblins
53 creatures vanquished.

Notes
Turn   | Place    | Note
-------+----------+-------------------------------------------
     0 | D:1      | tilp the Meteoran Earth Elementalist began the quest for
                  | the Orb.
     0 | D:1      | Reached XP level 1. HP: 14/14 MP: 5/5
    79 | D:1      | Found Bohanuur's General Store.
    90 | D:1      | Bought a scroll of identify for 20 gold pieces
   141 | D:2      | Reached XP level 2. HP: 20/20 MP: 1/6
   231 | D:3      | Reached skill level 4 in Earth Magic
   231 | D:3      | Reached XP level 3. HP: 20/27 MP: 1/8
   241 | D:3      | Reached skill level 1 in Fighting
   275 | D:4      | Learned a level 3 spell: Stone Arrow
   385 | D:4      | Reached XP level 4. HP: 35/35 MP: 6/9
   484 | D:3      | Identified the +7 spear "Koohaf" {freeze, rCorr Str-4 Int+4
                  | Stlth+}
   664 | D:3      | Found a sparkling altar of Nemelex Xobeh.
   672 | D:3      | Became a worshipper of Nemelex Xobeh the Trickster
   712 | D:4      | Noticed Eustachio
   719 | D:4      | Killed Eustachio
   720 | D:4      | Reached skill level 5 in Earth Magic
   720 | D:4      | Reached XP level 5. HP: 21/41 MP: 6/10
   720 | D:4      | Reached XP level 6. HP: 25/48 MP: 6/11
   739 | D:5      | Entered Level 5 of the Dungeon
   776 | D:5      | Noticed a black bear
   782 | D:5      | Killed a black bear
   816 | D:7      | Reached skill level 6 in Earth Magic
   816 | D:7      | Reached XP level 7. HP: 56/56 MP: 10/12
   840 | D:7      | Found a staircase to the Ecumenical Temple.
   858 | D:7      | Reached skill level 5 in Dodging
   858 | D:7      | Reached skill level 7 in Earth Magic
   858 | D:7      | Reached XP level 8. HP: 29/66 MP: 1/13
   960 | D:7      | Reached skill level 8 in Earth Magic
  1186 | D:8      | Reached * piety under Nemelex Xobeh
  1213 | D:8      | Noticed a wyvern
  1214 | D:8      | Noticed a death yak
  1220 | D:8      | Killed a wyvern
  1221 | D:8      | Reached skill level 1 in Polearms
  1221 | D:8      | Reached skill level 1 in Invocations
  1221 | D:8      | Gained mutation: You passively map the area around you.
                  | [Meteoran growth]
  1221 | D:8      | Reached XP level 9. HP: 65/72 MP: 3/15
  1474 | D:8      | Noticed a death yak
  1484 | D:8      | Slain by a death yak

Illustrated notes

Levels and vault maps discovered:
D:1:      dpeg_arrival_ternary, layout_basic, serial_shops, shop,
          serial_bayou_lagoon_b
D:2:      layout_basic, basic_altar
D:3:      layout_rooms, nemelex_altar_shiori
D:4:      layout_basic, uniq_pikel, uniq_eustachio, uniq_edmund
D:5:      minmay_chambers_of_fours, layout_basic, serial_shops, shop,
          minmay_checkerbox, uniq_ijyb, uniq_duvessa
D:6:      layout_gridville, uniq_sigmund
D:7:      layout_basic, minmay_temple_entry_glassed_door
D:8:      layout_loops_cross, mainiacjoe_overflow_boulevard, serial_ice,
          serial_ice_l, serial_ice_e, serial_ice_f, serial_ice_m
D:9:      layout_long_grid, kennysheep_mini_moat, david_orc_1_choice,
          minivault_12, uniq_maurice

Skill      XL: |  1  2  3  4  5  6  7  8  9 |
---------------+----------------------------+-----
Spellcasting   | 3 |  3.6
Earth Magic    | 4 5 6 7 8 |  8.6
Fighting       | 1 2 3 4 |  4.9
Dodging        | 3 4 5 6 |  6.3
Stealth        | 2 |  2.0
Conjurations   | 2 |  2.0
Polearms       | 1 |  1.7
Invocations    | 1 2 |  2.0
Transmutations | |  1.2
Evocations     | |  0.3

Action                     |  1- 3 |  4- 6 |  7- 9 || total
---------------------------+-------+-------+-------++-------
  Melee: Spear             |       |     1 |    40 ||    41
         Punch             |       |       |     1 ||     1
  Throw: Dart              |       |       |     2 ||     2
   Cast: Sandblast         |    27 |    16 |    15 ||    58
         Stone Arrow       |       |     2 |    22 ||    24
    Use: Scroll            |     1 |       |     2 ||     3
         Potion            |       |       |     1 ||     1
   Stab: Sleeping          |       |     1 |       ||     1
 Armour: Robe              |     3 |     5 |     5 ||    13
  Dodge: Dodged            |     8 |    10 |    28 ||    46
  Block: Other             |       |     4 |    15 ||    19
         Reflection        |       |     3 |     3 ||     6

Table legend: (Time is in decaauts)
 A = Elapsed time spent in this place.
 B = Non-inter-level travel time spent in this place.
 C = Inter-level travel time spent in this place.
 D = Time resting spent in this place.
 E = Time spent auto-exploring this place.
 F = Levels seen in this place.
 G = Mean time per level.
                   A        B        C        D        E       F      G
               +--------+--------+--------+--------+--------+-----+--------+
         Total |   1513 |   1437 |     76 |      5 |      0 |   9 |  168.1 |
       Dungeon |   1513 |   1437 |     76 |      5 |      0 |   9 |  168.1 |
               +--------+--------+--------+--------+--------+-----+--------+

Top non-repeatable levels by time:
     D:7: 358 daAuts
     D:3: 342 daAuts
     D:8: 313 daAuts
     D:4: 185 daAuts
     D:1: 137 daAuts
     D:2: 95 daAuts
     D:5: 48 daAuts
     D:6: 32 daAuts
     D:9: 1 daAuts
